 Dungeon Crawl Stone Soup version 0.20.0-15-g7f486f2 (webtiles) character file.

29 straycat the Sneak (level 3, -15/28 HPs)
             Began as a Vampire Wanderer on June 25, 2017.
             Blown up by Ijyb (16 damage)
             ... with a wand of disintegration (?/24)
             ... on level 3 of the Dungeon.
             The game lasted 00:05:31 (1576 turns).

straycat the Sneak (Vampire Wanderer)               Turns: 1576, Time: 00:05:31

Health: -15/28     AC:  6    Str: 11    XL:     3   Next: 1%
Magic:  3/3        EV: 11    Int: 12    God:
Gold:   101        SH:  0    Dex: 16    Spells: 2/2 levels left

rFire    . . .     SeeInvis +   a - +2 mace
rCold    . . .     Gourm    .   (no shield)
rNeg     + . .     Faith    .   n - +0 ring mail
rPois    .         Spirit   .   w - +0 helmet
rElec    .         Reflect  .   (no cloak)
rCorr    .         Harm     .   (no gloves)
MR       .....     Rnd*Tele +   (no boots)
Stlth    +.........             (no amulet)
Regen    0.1/turn               l - ring of teleportation (curse)
MPRegen  0.1/turn               (no ring)

@: confused
A: fangs 3, see invisible, unbreathing
a: Bat Form


You were on level 3 of the Dungeon.
You were not thirsty.

You visited 1 branch of the dungeon, and saw 3 of its levels.

You collected 101 gold pieces.

Inventory:

Hand Weapons
 a - a +2 mace (weapon)
 e - a +0 dagger
 u - a +0 hunting sling
Missiles
 p - 3 tomahawks (quivered)
 s - 29 arrows
 x - 32 stones
Armour
 d - a +0 robe
 i - a +1 chain mail of magic resistance
 n - a +0 ring mail (worn)
 w - a +0 helmet (worn)
Jewellery
 l - a cursed ring of teleportation (left hand)
Scrolls
 c - a scroll of teleportation
 g - 2 scrolls of remove curse {unknown}
 j - a scroll of fear {unknown}
 k - a scroll of enchant weapon {unknown}
 m - 5 scrolls of identify {unknown}
 o - a scroll of blinking {unknown}
 q - 2 scrolls of amnesia {unknown}
 t - 2 scrolls of magic mapping {unknown}
Potions
 b - 3 potions of curing
 f - 6 potions of blood
 h - 3 potions of ambrosia {unknown}
 r - a potion of agility {unknown}


   Skills:
 + Level 2.9 Fighting
 + Level 0.7 Short Blades
 - Level 1.0 Maces & Flails
 - Level 1.5 Armour
 * Level 2.4 Dodging
 + Level 3.4 Stealth
   Level 1.0 Shields


You had 2 spell levels left.
You didn't know any spells.

Dungeon Overview and Level Annotations

Branches:
Dungeon (3/15)

Altars:
Elyvilon
Kikubaaqudgha
Makhleb
Xom
The Shining One

Annotations:
D:3 Ijyb; simples's ghost, amateur SpEn


Innate Abilities, Weirdness & Mutations

You have razor-sharp teeth.
You have supernaturally acute eyesight. (SInv)
You can survive without breathing.


Message History

Simples's ghost hits you.
* * * LOW HITPOINT WARNING * * *
The quokka barely misses you.
The frilled lizard bites you but does no damage.
The adder bites you.
* * * LOW HITPOINT WARNING * * *
The hobgoblin hits you but does no damage.
Simples's ghost hits you but does no damage.
The quokka completely misses you.
An adder comes into view.
You're too confused!
You're too confused to move!
The adder hisses angrily.
The adder misses you. The frilled lizard barely misses you.
Simples's ghost hits you but does no damage.
The hobgoblin hits you with a club.
* * * LOW HITPOINT WARNING * * *
Ijyb zaps a wand.
You are blasted!
Ouch! That really hurt!
You die...

............#
...........#
....................##
#..........#..........#
#..........+>..(......#
#........S.#...b......#
##.##...#.....lSr.....#
#.............g@g.#
#..............W..#
#............รท..###
#.......##.....w#
#.......##......#
#........#......#
#..#.....#......#
#..+.....#........
##..#.....#.........


You could see Ijyb, a worm, simples's ghost, 2 adders, a quokka, a hobgoblin, a
bat and a frilled lizard.

Vanquished Creatures
  An ooze (D:1)
  A ball python (D:2)
  A bat (D:2)
  2 giant cockroaches
  4 goblins
  3 hobgoblins
  3 kobolds
  3 frilled lizards
  5 rats
23 creatures vanquished.

Notes
Turn   | Place    | Note
-------+----------+-------------------------------------------
     0 | D:1      | straycat the Vampire Wanderer began the quest for the Orb.
     0 | D:1      | straycat set off with: a +2 mace, a potion of curing, a scroll of teleportation, a +0 robe, a +0 dagger, a potion of blood
     0 | D:1      | Reached XP level 1. HP: 17/17 MP: 1/1
    61 | D:1      | You fall through a shaft!
   477 | D:1      | Reached XP level 2. HP: 23/23 MP: 2/2
   661 | D:2      | Found a burning altar of Makhleb.
   661 | D:2      | Noticed a cacodemon
   666 | D:2      | Noticed a ynoxinul
   666 | D:2      | Noticed a hellwing
   830 | D:2      | Found an ancient bone altar of Kikubaaqudgha.
  1113 | D:2      | Found a shimmering altar of Xom.
  1117 | D:2      | Found a glowing golden altar of the Shining One.
  1118 | D:2      | Found a white marble altar of Elyvilon.
  1556 | D:3      | Reached XP level 3. HP: 25/28 MP: 3/3
  1559 | D:3      | Noticed simples's ghost (amateur SpEn)
  1571 | D:3      | Noticed Ijyb
  1576 | D:3      | HP: 1/28 [hobgoblin/club (2)]
  1576 | D:3      | Blown up by Ijyb

Skill      XL: |  1 |
---------------+----+-----
Dodging        | 2 |  2.4
Fighting       | |  2.9
Short Blades   | |  0.7
Maces & Flails | |  1.0
Armour         | |  1.5
Stealth        | |  3.4
Shields        | |  1.0

Action                   || total
-------------------------++-------
Melee: Mace              ||    79
       Bite              ||     3
  Use: Potion            ||     2
 Stab: Sleeping          ||     1
Armor: Chain mail        ||    34
       Robe              ||     3
       Ring mail         ||     9
Dodge: Dodged            ||    46
